 Dungeon Crawl Stone Soup version 0.29.1-13-g9f3cf754e1 (webtiles) character file.

Game seed: 8346105050935402164

60 Heoruswealwe the Grave Robber (level 3, -10/19 HPs)
             Began as a Deep Elf Necromancer on Feb 6, 2023.
             Mangled by a wight
             ... wielding a +0 dire flail
              (17 damage)
             ... on level 3 of the Dungeon.
             The game lasted 00:19:05 (1359 turns).

Heoruswealwe the Grave Robber (DENe)                Turns: 1359, Time: 00:19:06

Health: -10/19     AC:  2    Str:  5      XL:     3   Next: 80%
Magic:  0/10       EV: 12    Int: 16 (21) God:
Gold:   116        SH:  0    Dex: 15      Spells: 9/10 levels left

rFire   . . .      SeeInvis .   c - +0 dagger
rCold   . . .      Faith    .   (no shield)
rNeg    . . .      Spirit   .   a - +0 robe
rPois   .          Reflect  .   (no helmet)
rElec   .          Harm     .   (no cloak)
rCorr   .          Rampage  .   (no gloves)
Will    .....                   (no boots)
Stlth   ++........              (no amulet)
HPRegen 0.06/turn               (no ring)
MPRegen 0.12/turn               (no ring)

@: very slow
A: no striking features
a: no special abilities


You were on level 3 of the Dungeon.
You visited 1 branch of the dungeon, and saw 3 of its levels.

You collected 116 gold pieces.

Inventory:

Hand Weapons
 c - a +0 dagger (weapon)
 d - a +0 dagger
 i - a +0 club
 j - a +0 dagger
 k - a +0 dagger
 n - a +0 spear
 q - a +0 war axe
 t - a +0 spear
 w - a +0 club
Missiles
 e - 3 poisoned darts
 m - 2 boomerangs
 r - 18 stones
Armour
 a - a +0 robe (worn)
 f - a +0 ring mail
 o - a +0 ring mail
 p - a +0 helmet
 s - a +0 scale mail
 x - a +0 leather armour
Scrolls
 h - a scroll of identify {unknown}
 u - a scroll of teleportation {unknown}
 v - a scroll of noise {unknown}
Potions
 b - 3 potions of magic
 g - a potion of degeneration {unknown}
 l - a potion of curing {unknown}


   Skills:
 + Level 2.6 Dodging
 + Level 2.8 Stealth
 + Level 4.1 Spellcasting
 + Level 5.8 Necromancy


You had 9 spell levels left.
You knew the following spells:

 Your Spells              Type           Power      Damage    Failure   Level
a - Necrotise             Necr           88%        1d8       1%          1

Your spell library contained the following spells:

 Spells                   Type           Power      Damage    Failure   Level
 Vampiric Draining        Necr           22%        2d7       4%          3
 Animate Dead             Necr           22%        N/A       16%         4
 Agony                    Necr           22%        N/A       38%         5


Dungeon Overview and Level Annotations

Branches:
Dungeon (3/15)

Altars:
Cheibriados


Message History

Confirm with . or Enter, or press ? or * to list all spells.
Aiming: Necrotise (safe; 1% risk of failure)
Press: ? - help, Shift-Dir - straight line, f - orc
Aim: an orc, wielding a +0 club (ally target, chance to affect: 91%)
The orc writhes in agony.
The orc hits your orc skeleton with a +0 war axe!
Your orc skeleton is destroyed!
Casting: Necrotise (safe; 1% risk of failure)
Confirm with . or Enter, or press ? or * to list all spells.
Aiming: Necrotise (safe; 1% risk of failure)
Press: ? - help, Shift-Dir - straight line, f/p - orc
Aim: an orc, wielding a +0 club (heavily wounded, chance to affect: 91%)
The orc barely resists.
Casting: Necrotise (safe; 1% risk of failure)
Confirm with . or Enter, or press ? or * to list all spells.
Aiming: Necrotise (safe; 1% risk of failure)
Press: ? - help, Shift-Dir - straight line, f/p - orc
Aim: an orc, wielding a +0 club (heavily wounded, chance to affect: 91%)
The orc writhes in agony.
The orc hits you with a +0 club.
Casting: Necrotise (safe; 1% risk of failure)
Confirm with . or Enter, or press ? or * to list all spells.
Aiming: Necrotise (safe; 1% risk of failure)
Press: ? - help, Shift-Dir - straight line, f/p - orc
Aim: an orc, wielding a +0 club (heavily wounded, chance to affect: 91%)
The orc writhes in agony.
The orc misses you. The wight attacks as you move away!
The wight barely misses you. The orc attacks as you move away!
The orc misses you.
Casting: Necrotise (safe; 1% risk of failure)
Confirm with . or Enter, or press ? or * to list all spells.
Aiming: Necrotise (safe; 1% risk of failure)
Press: ? - help, Shift-Dir - straight line, f/p - orc
Aim: an orc, wielding a +0 club (almost dead, chance to affect: 91%)
The orc barely resists.
The wight misses you. The wight barely misses you.
The orc completely misses you. The wight attacks as you move away!
The wight hits you with a +4 dire flail!
Ouch! That really hurt!
The wight hits you with a +0 dire flail!
Ouch! That really hurt!
You die...

####### #
#.....#
.##.....#
.......#
#.....# #@oo..#
#zz...##
#.###o...)#
#.....#...)....
#.....#.#....##
#.....######.#
## #.....# # #.
#.....# #.
#.....# #<


You could see 2 wights and 3 orcs.

Vanquished Creatures
  2 adders (D:2)
  2 orcs (D:3)
  5 ball pythons
  2 bats (D:1)
  3 endoplasms (D:1)
  2 giant cockroaches (D:1)
  4 goblins
  2 jackals (D:1)
  A kobold (D:1)
  2 quokkas (D:1)
  A frilled lizard (D:2)
  A rat (D:1)
27 creatures vanquished.

Vanquished Creatures (collateral kills)
  A ball python (D:1)
  A bat (D:1)
  An endoplasm (D:1)
  A goblin (D:2)
  3 rats
7 creatures vanquished.

Vanquished Creatures (others)
  13 fungi (D:1)
  3 toadstools (D:1)
16 creatures vanquished.

Grand Total: 50 creatures vanquished

Notes
Turn   | Place    | Note
-------+----------+-------------------------------------------
     0 | D:1      | Heoruswealwe the Deep Elf Necromancer began the quest for
                  | the Orb.
     0 | D:1      | Reached XP level 1. HP: 10/10 MP: 6/6
    75 | D:2      | Reached skill level 5 in Necromancy
   225 | D:1      | Reached XP level 2. HP: 5/15 MP: 5/8
   552 | D:2      | Reached XP level 3. HP: 19/19 MP: 5/9
   763 | D:1      | Found a faded altar of an unknown god.
   785 | D:1      | Prayed at the altar of an unknown god.
   785 | D:1      | Became a worshipper of Cheibriados the Contemplative
   785 | D:1      | Reached * piety under Cheibriados
   787 | D:1      | Fell from the grace of Cheibriados
  1343 | D:2      | You fall into a shaft and drop 1 floor!
  1350 | D:3      | Noticed a wight
  1351 | D:3      | Noticed a wight
  1359 | D:3      | Mangled by a wight

Illustrated notes

Levels and vault maps discovered:
D:1:      erik_arrival_triangle_medium, layout_rooms,
          ebering_ecumenical_altar_hall, minmay_gold_behind_fungi,
          glass_columns_a, minmay_misc_feat_plants, minmay_splitting_lines
D:2:      layout_basic, serial_shops, nicolae_shop_crystal
D:3:      layout_basic, overflow_temple_1_default, serial_shops, shop, shop,
          shop_statue, nicolae_shop_trees, nicolae_shop_behind_doors

Skill      XL: |  1  2  3 |
---------------+----------+-----
Necromancy     | 5 |  5.8
Spellcasting   | 4 |  4.1
Dodging        | |  2.6
Stealth        | |  2.8

Action                   || total
-------------------------++-------
Melee: Dagger            ||    62
       Punch             ||     3
 Cast: Necrotise         ||    50
Invok: Renounce Religion ||     1
Armor: Robe              ||     6
Dodge: Dodged            ||    20
